AoeStats
← LaBitas

Arena

510105140Analyzed
4v4 RM · 4d ago on Sep 29, 2026· 39m 3s· 8 players
Game mode
Random Map
Map size
Large (8 player)
Population
200
Speed
Normal
Resources
Standard
Victory
Conquest
Starting age
Dark Age
Ending age
Imperial Age
RankedLock teamsTeams togetherTeam positionsShared explorationLock speedFull tech treeHidden civsTurbo modeCheats
Victory
Defeat
🇲🇴 Italians · Macao SAR China
1362
+16
1350
+16
🇨🇳 Wei · China
1320
+18
🇭🇰 Celts · Hong Kong SAR China
1299
+18
🇮🇳 Italians · India
1404
-19
🇫🇷 Ethiopians · France
1371
-18
🇨🇳 Franks · China
1351
-17
🇩🇪 Persians · Germany
1292
-14
Szorinx
9:50 Feudal Age
14:39 Castle Age
13:13 Horse Collar
14:18 Double-Bit Axe
20:05 Loom
22:21 Wheelbarrow
22:02 Bow Saw
23:24 Heavy Plow
24:21 Hand Cart
25:10 Gold Mining
29:57 Imperial Age
28:00 Scale Barding Armor
28:05 Forging
28:43 Gold Shaft Mining
28:34 Town Watch
29:03 Bloodlines
28:54 Husbandry
29:32 Chain Barding Armor
30:14 Iron Casting
29:44 Cavalier
30:46 Conscription
31:25 Savar
32:43 Plate Barding Armor
33:11 Blast Furnace
34:55 Town Patrol
35:39 Citadels
35:20 Fletching
36:43 Stone Mining
37:22 Ballistics
37:13 Masonry
LaBitas
11:00 Feudal Age
12:25 Double-Bit Axe
15:11 Castle Age
16:46 Loom
17:10 Fletching
17:21 Padded Archer Armor
18:26 Bodkin Arrow
17:55 Crossbowman
28:55 Wheelbarrow
28:50 Thumb Ring
29:15 Bow Saw
28:48 Horse Collar
30:35 Ballistics
30:20 Town Watch
36:12 Imperial Age
35:51 Leather Archer Armor
36:07 Hand Cart
36:25 Arbalester
37:54 Bracer
40:05 Chemistry
39:37 Ring Archer Armor
snek_fan
9:33 Feudal Age
13:50 Castle Age
11:49 Double-Bit Axe
12:11 Horse Collar
17:12 Loom
21:05 Wheelbarrow
27:11 Bow Saw
26:52 Town Watch
27:38 Fortified Wall
29:29 Masonry
34:09 Fletching
34:19 Padded Archer Armor
33:46 Elite Skirmisher
35:10 Bodkin Arrow
38:11 Imperial Age
36:10 Hand Cart
37:18 Ballistics
半时
11:12 Feudal Age
11:55 Double-Bit Axe
14:46 Castle Age
15:44 Bow Saw
20:17 Forging
20:07 Loom
22:27 Scale Barding Armor
25:55 Chain Barding Armor
27:14 Iron Casting
26:58 Husbandry
30:59 Imperial Age
29:21 Wheelbarrow
29:06 Gold Mining
29:06 Stone Mining
30:54 Gold Shaft Mining
30:48 Hand Cart
31:02 Cavalier
32:19 Plate Barding Armor
34:38 Blast Furnace
33:25 Paladin
36:29 Siege Engineers
jimmy211211
10:44 Feudal Age
14:51 Castle Age
13:12 Horse Collar
13:21 Double-Bit Axe
13:37 Loom
20:28 Stone Mining
20:29 Gold Mining
27:25 Imperial Age
26:00 Fletching
26:10 Padded Archer Armor
26:23 Bow Saw
28:22 Wheelbarrow
28:18 Ballistics
28:43 Masonry
29:03 Ballistics
29:46 Chemistry
30:58 Ballistics
30:35 Bodkin Arrow
30:55 Leather Archer Armor
34:30 Elite Genoese Crossbowman
39:36 Bracer
39:51 Leather Archer Armor
Combi | NITRAMDELANIEVE
10:19 Feudal Age
14:41 Castle Age
12:38 Double-Bit Axe
13:01 Horse Collar
15:47 Bow Saw
15:38 Heavy Plow
22:12 Stone Mining
24:43 Fletching
25:42 Wheelbarrow
25:09 Gold Mining
26:06 Bodkin Arrow
27:17 Gold Shaft Mining
27:26 Husbandry
27:36 Bloodlines
28:14 Ballistics
29:21 Stone Shaft Mining
28:55 Padded Archer Armor
29:02 Scale Barding Armor
32:08 Imperial Age
30:50 Leather Archer Armor
30:57 Chain Barding Armor
31:22 Forging
32:52 Bracer
32:17 Elite Camel Archer
34:08 Chemistry
32:35 Heavy Camel Rider
34:16 Iron Casting
34:55 Conscription
36:30 Blast Furnace
36:23 Plate Barding Armor
39:42 Ring Archer Armor
50232516
11:12 Feudal Age
9:28 Loom
14:46 Castle Age
13:33 Double-Bit Axe
13:42 Gold Mining
20:10 Town Watch
29:18 Wheelbarrow
29:29 Bow Saw
书包大王
7:19 Loom
10:48 Feudal Age
12:17 Double-Bit Axe
12:45 Horse Collar
17:40 Castle Age
16:12 Gold Mining
18:33 Wheelbarrow
18:48 Bow Saw
18:38 Heavy Plow
19:48 Gold Shaft Mining
19:06 Stone Mining
19:38 Heavy Plow
23:11 Scale Barding Armor
26:41 Hand Cart
26:55 Chain Barding Armor
29:36 Imperial Age
27:15 Devotion
27:38 Ballistics
27:26 Town Watch
29:01 Forging
29:24 Fletching
29:40 Tuntian
29:56 Bloodlines
29:47 Husbandry
30:40 Conscription
30:47 Ming Guang Armor
31:01 Iron Casting
31:23 Crop Rotation
30:23 Heavy Hei Guang Cavalry
31:07 Light Cavalry
34:16 Chemistry
34:25 Blast Furnace
35:40 Elite Tiger Cavalry
36:57 Stone Shaft Mining
38:12 Town Patrol
40:03 Hoardings
Connection lost

Rejoining the realm…

Still unreachable

The connection could not be restored.

Session expired

The server has moved on; the page needs a fresh start.